 Dungeon Crawl Stone Soup version 0.19-a0-1239-gbb8a913 (webtiles) character file.

1612 Lindan9 the Shield-Bearer (level 9, -18/68 HPs)
             Began as a Formicid Fighter on Aug 26, 2016.
             Was an Initiate of Yredelemnul.
             Demolished by Prince Ribbit (19 damage)
             ... on level 7 of the Dungeon.
             The game lasted 00:19:05 (4564 turns).

Lindan9 the Shield-Bearer (Formicid Fighter)        Turns: 4564, Time: 00:19:08

Health: -18/68     AC:  4    Str: 23 (24) XL:     9   Next: 16%
Magic:  9/9        EV: 11    Int:  7 (8)  God:    Yredelemnul [......]
Gold:   250        SH: 11    Dex:  8 (10) Spells: 0 memorised, 8 levels left

rFire  . . .     SeeInvis +     r - +0 war axe
rCold  . . .     Gourm    .     b - +0 scale mail
rNeg   + . .     Faith    .     c - +0 shield
rPois  .         Spirit   .     (helmet unavailable)
rElec  .         Dismiss  .     (no cloak)
rCorr  .         Reflect  .     (no gloves)
MR     .....     Harm     +     (no boots)
Stlth  ..........               j - amulet of harm
                                (no ring)
                                B - ring of positive energy

@: no status effects
A: permanent stasis, dig shafts and tunnels, four strong arms, antennae 3,
deformed body, deterioration 1, MP-powered wands
a: Dig, Shaft Self, Renounce Religion


You were on level 7 of the Dungeon.
You worshipped Yredelemnul.
Yredelemnul was noncommittal.
You were not hungry.

You visited 1 branch of the dungeon, and saw 7 of its levels.

You collected 250 gold pieces.

Inventory:

Hand Weapons
 a - a +0 war axe
 e - a +0 club
 f - a +2 short sword of protection
 h - a +2 short sword of flaming
 n - a +0 trident
 r - a +0 war axe (weapon)
 s - a +4 spear
 x - a +0 flail
Armour
 b - a +0 scale mail (worn)
 c - a +0 shield (worn)
 l - a +0 large shield
Jewellery
 j - an amulet of harm (around neck)
 B - a ring of positive energy (left hand)
Scrolls
 i - 3 scrolls of identify
 k - a scroll of blinking {unknown}
 p - 2 scrolls of teleportation
 y - a scroll of remove curse {unknown}
Potions
 d - 2 potions of lignification {unknown}
 q - 3 potions of haste
 u - a potion of flight
 v - a potion of might
 w - 2 potions of curing
Books
 z - a book of the Dragon

   Spells                             Type                      Level
   a - Flame Tongue                   Conjuration/Fire             1
   b - Cause Fear                     Hexes                        4
   c - Bolt of Fire                   Conjuration/Fire             6
   d - Dragon Form                    Transmutation                7
   e - Dragon's Call                  Summoning                    9
Comestibles
 g - 2 meat rations
 m - 3 bread rations
 o - a royal jelly


   Skills:
 + Level 5.3 Fighting
 + Level 4.9 Axes
 + Level 5.9 Armour
 + Level 4.5 Dodging
 + Level 1.1 Stealth
 + Level 7.9 Shields


You had 8 spell levels left.
You didn't know any spells.

Dungeon Overview and Level Annotations

Branches:
Dungeon (6/15)             Temple (0/1) D:5

Altars:
Makhleb
Ru
Yredelemnul

Annotations:
D:7 Prince Ribbit


Innate Abilities, Weirdness & Mutations

You are under a permanent stasis effect.
You can dig through walls and to a lower floor.
Your four strong arms can wield two-handed weapons with a shield.
You have a pair of large antennae on your head. (SInv)
Armour fits poorly on your strangely shaped body.
Your body sometimes deteriorates upon taking damage.
You expend magic power (3 MP) to strengthen your wands.


Message History

You closely miss Prince Ribbit.
Prince Ribbit is lightly wounded.
You closely miss the orc. Prince Ribbit hits you!
Your body deteriorates!
You feel weakened. You block the orc's attack. Prince Ribbit barely misses you.
You slash Prince Ribbit!
Prince Ribbit is heavily wounded.
You closely miss the orc. Prince Ribbit hits you. You block the orc's attack.
Prince Ribbit hits you!
* * * LOW HITPOINT WARNING * * *
Your body deteriorates!
You feel clumsy. You block the orc's attack.
You hit Prince Ribbit.
Prince Ribbit is heavily wounded.
You hit the orc but do no damage. Prince Ribbit hits you!
* * * LOW HITPOINT WARNING * * *
Your body deteriorates!
You feel dopey. The orc hits you but does no damage. Prince Ribbit hits you!
You die...
Your body rises from the dead as a mindless zombie.

..........
##..................
##................... .
#.................... ..
.................... #.
#.................. #..
#................# #...
##F..............##
##....##†@..........)..##
#.......o#.............##
....##..##...........##.##
. #.###..........####.#
...##...........# ##.
.≈≈.............## #.
#'#≈....#........### ##.
.'_+.............†..###..
≈# #≈.........#..#......#


You could see Prince Ribbit and an orc.

Vanquished Creatures
  Pikel (D:7)
  A wyvern (D:7)
  A water moccasin (D:7)
  A black bear (D:4)
  2 slaves (D:7)
  An ogre (D:4)
  A scorpion (D:7)
  A howler monkey (D:7)
  5 orc wizards
  An orc priest (D:5)
  2 centaur skeletons
  A giant frog skeleton (D:4)
  An iguana (D:5)
  2 worker ants
  13 adders
  7 gnolls (D:3)
  2 oozes
  2 worms (D:3)
  2 dart slugs
  A giant gecko (D:1)
  14 orcs
  3 ball pythons
  5 giant cockroaches
  7 goblins
  10 hobgoblins
  9 jackals
  11 kobolds
  3 quokkas
  6 bats
  A giant gecko skeleton (D:4)
  8 giant newts
  A quokka skeleton (D:4)
  8 rats
134 creatures vanquished.

Vanquished Creatures (others)
  2 slaves (D:7)
2 creatures vanquished.

Grand Total: 136 creatures vanquished

Notes
Turn   | Place    | Note
-------+----------+-------------------------------------------
     0 | D:1      | Lindan9 the Formicid Fighter began the quest for the Orb.
     0 | D:1      | Reached XP level 1. HP: 18/18 MP: 1/1
    48 | D:1      | Reached XP level 2. HP: 17/24 MP: 2/2
    49 | D:1      | Reached skill level 4 in Shields
   183 | D:1      | Reached XP level 3. HP: 29/29 MP: 3/3
   619 | D:2      | Reached XP level 4. HP: 36/36 MP: 4/4
   865 | D:2      | Reached skill level 1 in Dodging
   865 | D:2      | Reached XP level 5. HP: 29/42 MP: 5/5
  1619 | D:3      | Reached skill level 5 in Shields
  1823 | D:3      | Reached XP level 6. HP: 48/48 MP: 6/6
  3249 | D:4      | Noticed an ogre
  3253 | D:4      | Reached XP level 7. HP: 52/54 MP: 7/7
  3259 | D:4      | Reached skill level 6 in Shields
  3797 | D:5      | Entered Level 5 of the Dungeon
  3837 | D:5      | Reached XP level 8. HP: 57/61 MP: 8/8
  3895 | D:5      | Found a staircase to the Ecumenical Temple.
  3948 | D:5      | Found a sacrificial altar of Ru.
  3960 | D:5      | You fall through a shaft for 2 floors!
  4098 | D:7      | Noticed Pikel
  4100 | D:7      | Found Ekkirr's Book Shop.
  4107 | D:7      | Killed Pikel
  4107 | D:7      | Reached skill level 5 in Armour
  4107 | D:7      | Reached skill level 7 in Shields
  4112 | D:7      | Gained mutation: You expend magic power (3 MP) to strengthen your wands. [potion of mutation]
  4112 | D:7      | Gained mutation: Armour fits poorly on your strangely shaped body. [potion of mutation]
  4114 | D:7      | Lost mutation: Armour fits poorly on your strangely shaped body. [potion of cure mutation]
  4114 | D:7      | Lost mutation: You expend magic power (3 MP) to strengthen your wands. [potion of cure mutation]
  4116 | D:7      | Reached skill level 5 in Fighting
  4405 | D:7      | Gained mutation: You expend magic power (3 MP) to strengthen your wands. [potion of mutation]
  4405 | D:7      | Gained mutation: Armour fits poorly on your strangely shaped body. [potion of mutation]
  4405 | D:7      | Gained mutation: Your body sometimes deteriorates upon taking damage. [potion of mutation]
  4410 | D:7      | Noticed a wyvern
  4414 | D:7      | Reached XP level 9. HP: 61/68 MP: 9/9
  4418 | D:7      | Reached skill level 1 in Stealth
  4516 | D:7      | Found a basalt altar of Yredelemnul.
  4525 | D:7      | Became a worshipper of Yredelemnul the Dark
  4550 | D:7      | Noticed Prince Ribbit
  4554 | D:7      | Found a burning altar of Makhleb.
  4564 | D:7      | HP: 1/68 [Prince Ribbit (12)]
  4564 | D:7      | Demolished by Prince Ribbit

Vault maps used:
D:1:      eino_arrival_cavern_b
D:2:      minmay_pentomino_z4
D:3:      minmay_misc_feat_hallway
D:4:      first_bread
D:5:      nicolae_ru_sacrificial_ziggurat
D:6:      portal_sewer_entry_c, kennysheep_generic_room_16
D:7:      kennysheep_mini_moat, serial_shops, shop_statue, basic_altar,
          uniq_pikel, uniq_joseph, uniq_prince_ribbit1

Skill      XL: |  1  2  3  4  5  6  7  8  9 |
---------------+----------------------------+-----
Shields        | 4 5 6 7 |  7.9
Dodging        | 1 2 3 4 |  4.5
Axes           | 3 4 |  4.9
Armour         | 4 5 |  5.9
Fighting       | 4 5 |  5.3
Stealth        | 1 |  1.1

Action                   |  1- 3 |  4- 6 |  7- 9 || total
-------------------------+-------+-------+-------++-------
Melee: War axe           |    68 |   223 |   117 ||   408
 Abil: Shaft Self        |       |       |     1 ||     1
  Use: Scroll            |     1 |     3 |       ||     4
       Potion            |       |     1 |     8 ||     9
  Eat: Bread ration      |       |     1 |     1 ||     2
       Pizza             |       |     2 |       ||     2
       Meat ration       |       |       |     2 ||     2
Armor: Scale mail        |    36 |    74 |    47 ||   157
Dodge: Dodged            |    26 |    85 |    60 ||   171
Block: Shield            |    52 |   145 |    88 ||   285
